AoeStats
← majd.lukili

Arabia

509915271Analyzed
1v1 RM · 3d ago on Sep 28, 2026· 43m 19s· 2 players
Game mode
Random Map
Map size
Tiny (2 player)
Population
200
Speed
Normal
Resources
Standard
Victory
Conquest
Starting age
Dark Age
Ending age
Imperial Age
RankedLock teamsTeams togetherTeam positionsShared explorationLock speedFull tech treeHidden civsTurbo modeCheats
Victory
Defeat
🇲🇦 Varangians · Morocco
1111
+17
🇺🇸 Danes · United States
1131
-17
majd.lukili
6:42 Loom
9:04 Feudal Age
9:37 Double-Bit Axe
12:38 Wheelbarrow
12:29 Horse Collar
17:48 Bloodlines
21:26 Castle Age
20:45 Fletching
20:49 Gold Mining
21:43 Padded Archer Armor
22:32 Bodkin Arrow
22:52 Bow Saw
25:22 Hand Cart
28:23 Leather Archer Armor
30:27 Town Watch
31:21 Stone Mining
32:50 Ballistics
35:07 Town Patrol
39:03 Imperial Age
37:57 Heavy Plow
38:35 Stone Shaft Mining
39:07 Cranequins
40:06 Bracer
40:36 Ring Archer Armor
41:19 Chemistry
40:15 Murder Holes
41:22 Conscription
40:24 Gothikon
42:12 Two-Man Saw
real_Eli_Manning
5:43 Loom
9:32 Feudal Age
10:22 Man-at-Arms
17:10 Double-Bit Axe
21:46 Castle Age
19:45 Fletching
19:57 Padded Archer Armor
19:58 Scale Mail Armor
21:08 Horse Collar
23:15 Bodkin Arrow
23:37 Leather Archer Armor
24:34 Chain Mail Armor
28:30 Wheelbarrow
28:01 Elite Skirmisher
34:11 Hand Cart
33:57 Heavy Plow
34:08 Bow Saw
41:49 Imperial Age
40:20 Ballistics
Connection lost

Rejoining the realm…

Still unreachable

The connection could not be restored.

Session expired

The server has moved on; the page needs a fresh start.